 Dungeon Crawl Stone Soup version 0.30.0 (webtiles) character file.

Game seed: 16643890929598924222

102 Minorbread the Magician (level 4, -1/33 HPs)
             Began as a Draconian Venom Mage on May 18, 2023.
             Slain by an iguana (6 damage)
             ... on level 3 of the Dungeon.
             The game lasted 00:05:12 (3200 turns).

Minorbread the Magician (Draconian Venom Mage)      Turns: 3200, Time: 00:05:12

Health: -1/33      AC:  6    Str: 10    XL:     4   Next: 49%
Magic:  5/10       EV: 12    Int: 18    God:
Gold:   115        SH:  0    Dex: 11    Spells: 6/11 levels left

rFire   . . .        e - +2 dagger (venom)
rCold   . . .        (no shield)
rNeg    . . .        (body armour unavailable)
rPois   .            (helmet restricted)
rElec   .            (no cloak)
rCorr   .            (no gloves)
SInv    .            h - +0 pair of boots
Will    .....        (no amulet)
Stlth   ++           (no ring)
HPRegen 0.25/turn    (no ring)
MPRegen 0.12/turn

%: no passive effects
@: no status effects
A: AC +5, unfitting armour, cold-blooded
a: no special abilities


You were on level 3 of the Dungeon.
You visited 1 branch of the dungeon, and saw 3 of its levels.

You collected 115 gold pieces.

Inventory:

Hand Weapons
 e - a +2 dagger of venom (weapon)
 o - a +0 vampiric falchion
Armour
 h - a +0 pair of boots (worn)
Scrolls
 b - 7 scrolls of identify {unknown}
 c - 5 scrolls of fear {unknown}
 d - 4 scrolls of teleportation {unknown}
 f - 2 scrolls of enchant weapon {unknown}
 j - a scroll of poison {unknown}
 m - a scroll of vulnerability {unknown}
 n - a scroll of enchant armour {unknown}
Potions
 a - a potion of magic
 g - a potion of mutation {unknown}
 i - a potion of invisibility {unknown}
 k - a potion of flight {unknown}
 l - a potion of curing {unknown}
 p - a potion of berserk rage {unknown}


   Skills:
 - Level 1.7 Dodging
 - Level 1.7 Stealth
 + Level 4.4 Spellcasting
 - Level 1.0 Transmutations
 - Level 3.0 Poison Magic


You had 6 spell levels left.
You knew the following spells:

 Your Spells              Type           Power      Damage    Failure   Level
a - Sting                 Tmut/Pois      44%        1d5       6%          1
b - Dispel Undead         Necr           4%         3d7       80%         4

Your spell library contained the following spells:

 Spells                   Type           Power      Damage    Failure   Level
 Poisonous Vapours        Pois/Air       18%        N/A       12%         2
 Kiss of Death            Conj/Necr      16%        2d6       14%         1
 Mephitic Cloud           Conj/Pois/Air  7%         N/A       28%         3
 Confusing Touch          Hex            4%         N/A       38%         3
 Ozocubu's Armour         Ice            4%         N/A       38%         3
 Olgreb's Toxic Radiance  Pois           14%        N/A       38%         4
 Ozocubu's Refrigeration  Ice            2%         4d7       100%        7


Dungeon Overview and Level Annotations

Branches:
Dungeon (3/15)

Altars:
Elyvilon
Nemelex Xobeh
Xom
Yredelemnul

Shops:
D:2 =

Annotations:
D:3 Jessica


Innate Abilities, Weirdness & Mutations

Your plain brown scales are hard. (AC +5)
You cannot fit into any form of body armour.
You are cold-blooded and may be slowed by cold attacks.


Message History

Confirm with . or Enter, or press ? or * to list all spells.
Aiming: Sting (safe; 6% risk of failure)
Press: ? - help, Shift-Dir - straight line, f/p - iguana
Aim: an iguana (75% to hit)
The sting hits the iguana but does no damage.
The iguana is poisoned.
The iguana bites you!
Casting: Sting (safe; 6% risk of failure)
Confirm with . or Enter, or press ? or * to list all spells.
Aiming: Sting (safe; 6% risk of failure)
Press: ? - help, Shift-Dir - straight line, f/p - iguana
Aim: an iguana (lightly wounded, poisoned, 75% to hit)
The sting hits the iguana but does no damage.
The iguana looks even sicker.
The iguana is lightly wounded.
The iguana bites you!
You closely miss the iguana.
The iguana is lightly wounded.
The iguana bites you! The iguana attacks as you move away!
The iguana bites you but does no damage.
The iguana attacks as you move away! The iguana misses you.
Your magical contamination has completely faded away.
The iguana attacks as you move away! The iguana bites you!
* * * LOW HITPOINT WARNING * * *
Casting: Sting (safe; 6% risk of failure)
Confirm with . or Enter, or press ? or * to list all spells.
Aiming: Sting (safe; 6% risk of failure)
Press: ? - help, Shift-Dir - straight line, f/p - iguana
Aim: an iguana (moderately wounded, poisoned, 75% to hit)
The sting hits the iguana but does no damage.
The iguana looks even sicker.
The iguana is moderately wounded.
The iguana misses you.
Casting: Sting (safe; 6% risk of failure)
Confirm with . or Enter, or press ? or * to list all spells.
Aiming: Sting (safe; 6% risk of failure)
Press: ? - help, Shift-Dir - straight line, f/p - iguana
Aim: an iguana (moderately wounded, very poisoned, 75% to hit)
The sting misses the iguana.
The iguana bites you.
You die...

≈≈..@≈≈...###..##.....# #.# #..#
≈≈.>.≈≈...###..##.###.####.# #..#
≈≈...≈≈...#................# #..#
.≈≈≈≈≈...##......)....########..#
..≈≈≈....#........#.............#
........##.#...##.#.#.#########.#
.......##.........<...........#..
#...###.#.#...#..#.#.#######....
#...#.#.#.#...#@.#.#########....
#...#.#.#.#....l................
##.##.#.#.#....(........#.......
#....#.#.#...#..#.####.#....##.
#......#.#...#..#.# #.##.####.
#...####.#...#..#.# #.##.# #.
#...# #.#.?.#..#.# #.##.# #.
#...######...#..#.# #.##.# #.
#............#..#.# #.##.# #.


You could see an iguana (very poisoned).

Vanquished Creatures
  A gnoll (D:1)
  4 adders
  A worm (D:3)
  2 dart slugs
  An orc (D:3)
  5 endoplasms
  A giant cockroach (D:1)
  7 goblins
  5 hobgoblins
  A quokka (D:3)
  3 ball pythons
  7 bats
  4 frilled lizards
  3 kobolds
  4 rats
49 creatures vanquished.

Notes
Turn   | Place    | Note
-------+----------+-------------------------------------------
     0 | D:1      | Minorbread the Draconian Venom Mage began the quest for the
                  | Orb.
     0 | D:1      | Reached XP level 1. HP: 14/14 MP: 3/3
   417 | D:1      | Reached XP level 2. HP: 20/20 MP: 1/5
   750 | D:1      | Reached skill level 3 in Spellcasting
  1287 | D:2      | Reached XP level 3. HP: 16/26 MP: 0/7
  1654 | D:2      | Found Sawux's Jewellery Shoppe.
  2106 | D:3      | Reached skill level 4 in Spellcasting
  2199 | D:3      | Noticed Jessica
  2301 | D:3      | Found a white marble altar of Elyvilon.
  2359 | D:3      | Reached XP level 4. HP: 29/33 MP: 3/10
  2447 | D:3      | Learned a level 4 spell: Dispel Undead
  2577 | D:3      | Found a basalt altar of Yredelemnul.
  3132 | D:3      | Found a shimmering altar of Xom.
  3132 | D:3      | Found a sparkling altar of Nemelex Xobeh.
  3200 | D:3      | Slain by an iguana

Illustrated notes

Levels and vault maps discovered:
D:1:      eino_arrival_water_star, layout_basic
D:2:      layout_basic, serial_shops, shop
D:3:      layout_basic, tgw_sif, lemuel_crystal_altar,
          yredelemnul_forgotten_temple_becter, gammafunk_temple_overflow_statue

Skill      XL: |  1  2  3 |
---------------+----------+-----
Spellcasting   | 3 4 |  4.4
Dodging        | |  1.7
Stealth        | |  1.7
Transmutations | |  1.0
Poison Magic   | |  3.0

Action                     |  1- 3 |  4- 6 || total
---------------------------+-------+-------++-------
  Melee: Dagger            |    12 |     8 ||    20
         Tailslap          |     1 |       ||     1
   Cast: Sting             |    79 |    35 ||   114
 Armour: Skin              |     9 |     8 ||    17
  Dodge: Dodged            |    25 |     8 ||    33
